 Dungeon Crawl Stone Soup version 0.31-a0-1388-g4b2ba238e7 (webtiles) character file.

Game seed: 124237414016994065

440 Alvadar the Conjurer (level 6, -1/32 HPs)
             Began as a Deep Elf Conjurer on Dec 25, 2023.
             Was a Follower of Sif Muna.
             Slain by Pikel
             ... wielding a +2 whip of freezing
              (3 damage)
             ... on level 5 of the Dungeon.
             The game lasted 00:11:28 (4645 turns).

Alvadar the Conjurer (Deep Elf Conjurer)            Turns: 4645, Time: 00:11:28

Health: -1/32      AC:  2    Str:  6    XL:     6   Next: 70%
Magic:  4/15       EV: 13    Int: 25    God:    Sif Muna [*.....]
Gold:   253        SH:  5    Dex: 13    Spells: 8/15 levels left

rFire   . . .        t - +9 war axe of the Dripping Shark {drain, Str+2}
rCold   . . .        (no shield)
rNeg    . . .        a - +0 robe
rPois   .            (no helmet)
rElec   .            (no cloak)
rCorr   .            (no gloves)
SInv    .            (no boots)
Will    .....        h - amulet of reflection
Stlth   ++           (no ring)
HPRegen 0.25/turn    (no ring)
MPRegen 0.14/turn

%: reflection
@: no status effects
A: no striking features
a: Renounce Religion, Channel Magic


You were on level 5 of the Dungeon.
You worshipped Sif Muna.
Sif Muna was aware of your devotion.
You visited 1 branch of the dungeon, and saw 5 of its levels.

You collected 253 gold pieces.

Inventory:

Hand Weapons
 g - a +0 dagger
 i - a +1 dagger of venom
 t - the +9 war axe of the Dripping Shark (weapon) {drain, Str+2}
   (You found it on level 5 of the Dungeon)

   Str+2:     It affects your strength (+2).
Armour
 a - a +0 robe (worn)
Jewellery
 h - an amulet of reflection (around neck)
Scrolls
 c - 2 scrolls of immolation {unknown}
 d - 3 scrolls of acquirement {unknown}
 f - a scroll of amnesia {unknown}
 k - a scroll of blinking {unknown}
 m - 2 scrolls of identify {unknown}
 n - 2 scrolls of revelation {unknown}
 r - a scroll of enchant armour {unknown}
Potions
 b - a potion of magic
 e - a potion of haste {unknown}
 l - 2 potions of brilliance {unknown}
 o - a potion of cancellation {unknown}
 p - a potion of might {unknown}
 q - a potion of heal wounds {unknown}
 s - 2 potions of invisibility {unknown}
 u - a potion of mutation {unknown}


   Skills:
 + Level 4.5 Dodging
 - Level 2.4 Stealth
 + Level 5.2 Spellcasting
 - Level 5.2 Conjurations
 - Level 3.7 Hexes
 * Level 3.2 Alchemy


You had 8 spell levels left.
You knew the following spells:

 Your Spells              Type           Power      Damage    Failure   Level
a - Magic Dart            Conj           100%       1d8       1%          1
b - Searing Ray           Conj           64%        2d6       1%          2
c - Fulminant Prism       Conj/Alch      13%        3d9       14%         4

Your spell library contained the following spells:

 Spells                   Type           Power      Damage    Failure   Level
 Shock                    Conj/Air       76%        1d7       2%          1
 Summon Small Mammal      Summ           24%        N/A       9%          1
 Summon Guardian Golem    Hex/Summ       16%        N/A       11%         3
 Call Canine Familiar     Summ           6%         N/A       24%         3
 Frozen Ramparts          Ice            12%        1d2       24%         3
 Swiftness                Air            6%         N/A       24%         3
 Iskenderun's Mystic Bla  Conj/Tloc      19%        2d6       26%         4
 Leda's Liquefaction      Alch/Erth      7%         N/A       38%         4
 Petrify                  Alch/Erth      14%        N/A       38%         4
 Airstrike                Air            3%         2d(1-17)  63%         4
 Metabolic Englaciation   Hex/Ice        8%         N/A       71%         5


Dungeon Overview and Level Annotations

Branches:
Dungeon (5/15)
 Temple: D:4-7

Altars:
Dithmenos
Gozag
Hepliaklqana
Sif Muna
Wu Jian

Annotations:
D:3 1 runed translucent door, grandjackal's ghost, amateur OnWr
D:4 Edmund
D:5 Pikel


Message History

Aiming: Searing Ray (safe; 1% risk of failure)
Press: ? - help, Q - select action, (/) - cycle Shift-Dir - straight line, f/p - Pikel
Aim: Pikel, wielding a +2 whip of freezing and wearing a +0 robe (heavily wounded, 76% to hit)
The searing ray hits Pikel!
Pikel is severely wounded.
The searing ray hits the lemure!
The lemure is moderately wounded. (Press . to maintain the ray.)
The lemure shouts!
You hear a shout!
Pikel hits you with a +2 whip of freezing!
Pikel freezes you.
The searing ray hits Pikel but does no damage.
Pikel is severely wounded.
The searing ray hits the lemure.
The lemure is heavily wounded.
Pikel barely misses you.
The searing ray misses Pikel.
The searing ray hits the lemure.
The lemure is severely wounded.
The searing ray misses the lemure.
An ogre comes into view. It is wielding a +0 giant club.
A lemure comes into view.
Pikel hits you with a +2 whip of freezing.
Pikel freezes you.
The searing ray misses Pikel.
The searing ray misses the lemure.
You finish channelling your searing ray.
The lemure hits you.
* * * LOW HITPOINT WARNING * * *
Pikel hits you with a +2 whip of freezing.
* * * LOW HITPOINT WARNING * * *
Pikel freezes you.
* * * LOW HITPOINT WARNING * * *
Okay, then.
Okay, then.
You feel better. The lemure completely misses you.
Pikel hits you with a +2 whip of freezing.
* * * LOW HITPOINT WARNING * * *
Pikel freezes you.
You die...
Pikel says, "See you in Hell!"

#. ##.### .. .. #..###
.... .# ##....# ...#
..##..##.. .O#
#......#...
..#####......#... .
#.....##.........
##.#####5...5...........
#..#<..@K...............
#.......5......#........
..#...........###.....#.
.........#...## #.....##
#.......###....##.....#.
........#####..#..##..#.
...)##...# .......##...#
...# #)..###.##...###.##
.....##..##..##....##.##


You could see Pikel, an ogre and 3 lemures.

Vanquished Creatures
  A lemure (D:5)
  A scorpion (D:5)
  A jelly (D:5)
  An orc priest (D:5)
  2 hounds (D:5)
  2 iguanas (D:5)
  Terence (D:2)
  8 adders
  3 worms (D:2)
  2 dart slugs
  14 orcs
  6 endoplasms
  6 giant cockroaches
  5 goblins
  10 hobgoblins
  4 kobolds
  3 quokkas
  11 ball pythons
  5 bats
  4 frilled lizards
  5 rats
95 creatures vanquished.

Notes
Turn   | Place    | Note
-------+----------+-------------------------------------------
     0 | D:1      | Alvadar the Deep Elf Conjurer began the quest for the Orb.
     0 | D:1      | Reached XP level 1. HP: 10/10 MP: 6/6
   232 | D:1      | Reached XP level 2. HP: 15/15 MP: 5/8
   339 | D:1      | Learned a level 2 spell: Searing Ray
   413 | D:1      | Reached skill level 5 in Conjurations
  1181 | D:2      | Noticed Terence
  1193 | D:3      | Reached XP level 3. HP: 19/19 MP: 6/9
  1295 | D:3      | Reached skill level 1 in Hexes
  1531 | D:3      | Found a runed translucent door.
  1534 | D:3      | Found an opulent altar of Gozag.
  1719 | D:3      | Noticed grandjackal's ghost (amateur OnWr)
  1744 | D:3      | Reached XP level 4. HP: 24/24 MP: 6/11
  1896 | D:3      | Found a hazy altar of Hepliaklqana.
  1896 | D:3      | Found a shimmering blue altar of Sif Muna.
  1902 | D:3      | Found a shadowy altar of Dithmenos.
  1904 | D:3      | Became a worshipper of Sif Muna the Loreminder
  1908 | D:3      | Found a faded altar of an unknown god.
  1909 | D:3      | Found a faded altar of an unknown god.
  2268 | D:2      | Killed Terence
  2802 | D:2      | Reached XP level 5. HP: 28/28 MP: 4/13
  3125 | D:2      | Reached * piety under Sif Muna
  3633 | D:4      | Found an ornate altar of the Wu Jian Council.
  3890 | D:4      | Noticed Edmund
  3917 | D:5      | Entered Level 5 of the Dungeon
  3934 | D:5      | Reached skill level 1 in Alchemy
  4201 | D:5      | Reached XP level 6. HP: 32/32 MP: 8/15
  4266 | D:5      | Reached skill level 5 in Spellcasting
  4318 | D:5      | Learned a level 4 spell: Fulminant Prism
  4329 | D:5      | Identified the +9 war axe of the Dripping Shark {drain,
                  | Str+2}
  4434 | D:5      | Noticed Pikel
  4644 | D:5      | HP: 1/32 [Pikel/+2 whip of freezing (2)]
  4645 | D:5      | Slain by Pikel

Illustrated notes

Levels and vault maps discovered:
D:1:      psy_arrival_heroes, layout_basic
D:2:      cheibrodos_helix_gallery, layout_basic, minmay_three_crescents,
          uniq_terence
D:3:      layout_basic, mainiacjoe_overflow_boulevard,
          chequers_temple_overflow_minitemple, ebering_ghost_reflecting_pool
D:4:      layout_cave_pods, kennysheep_mini, mainiacjoe_overflow_paths,
          uniq_edmund
D:5:      layout_cave_pools, uniq_pikel

Skill      XL: |  1  2  3  4  5  6 |
---------------+-------------------+-----
Conjurations   | 5 |  5.2
Hexes          | 2 3 |  3.7
Dodging        | 3 4 |  4.5
Spellcasting   | 4 5 |  5.2
Alchemy        | 2 3 |  3.2
Stealth        | |  2.4

Action                     |  1- 3 |  4- 6 || total
---------------------------+-------+-------++-------
  Melee: Dagger            |       |     2 ||     2
         War axe           |       |     4 ||     4
   Cast: Magic Dart        |    59 |    78 ||   137
         Searing Ray       |     5 |    27 ||    32
    Use: Potion            |       |     2 ||     2
 Armour: Robe              |     1 |    27 ||    28
  Dodge: Dodged            |     2 |    27 ||    29
  Block: Other             |       |     9 ||     9

Table legend: (Time is in decaauts)
 A = Elapsed time spent in this place.
 B = Non-inter-level travel time spent in this place.
 C = Inter-level travel time spent in this place.
 D = Time resting spent in this place.
 E = Time spent auto-exploring this place.
 F = Levels seen in this place.
 G = Mean time per level.
                   A        B        C        D        E       F      G
               +--------+--------+--------+--------+--------+-----+--------+
         Total |   4645 |   4493 |    152 |    334 |   3651 |   5 |  929.0 |
       Dungeon |   4645 |   4493 |    152 |    334 |   3651 |   5 |  929.0 |
               +--------+--------+--------+--------+--------+-----+--------+

Top non-repeatable levels by time:
     D:2: 1331 daAuts
     D:3: 1063 daAuts
     D:1: 1020 daAuts
     D:5: 645 daAuts
     D:4: 585 daAuts
